 Dungeon Sprint DCSS version 0.30-a0-457-g4b7bca3bfa (webtiles) character file.

Game seed: 6639695799335730439

2114 rocky1 the Brawler (level 9, -10/81 HPs)
             Began as a Ghoul Monk on Dec 14, 2022.
             Was a Plaything of Xom.
             Mangled by Sonja
             ... wielding a +0 dagger of distortion
              (11 damage)
             ... in the Dungeon (Sprint VII: "The Pits").
             The game lasted 00:04:22 (1120 turns).

rocky1 the Brawler (Ghoul Monk)                     Turns: 1120, Time: 00:04:25

Health: -10/81     AC: 15    Str: 17    XL:     9   Next: 29%
Magic:  8/8        EV: 10    Int:  5    God:    Xom [..*...]
Gold:   0          SH:  0    Dex: 13    Spells: 8/8 levels left

rFire   . . .      SeeInvis .      - Unarmed
rCold   + . .      Faith    .    (no shield)
rNeg    + + +      Spirit   .    q - +4 chain mail
rPois   ∞          Reflect  .    (no helmet)
rElec   .          Harm     .    (no cloak)
rCorr   .          Rampage  .    (no gloves)
Will    .....      NoTele   +    s - +0 pair of boots
Stlth   +.........               (no amulet)
HPRegen 0.00/turn                (no ring)
MPRegen 0.11/turn                (no ring)

@: inhibited regen, slowed, very slow
A: claws 1, cold resistance 1, negative energy resistance 3, inhibited
regeneration, torment resistance 2, devour on kill
a: Renounce Religion


You were in the Dungeon.
You worshipped Xom.
You were a toy of Xom.
You visited 1 branch

Inventory:

Missiles
 l - 5 poisoned darts (quivered)
Armour
 a - a +0 robe
 k - a +3 ring mail
 q - a +4 chain mail (worn)
 r - a +5 ring mail
 s - a +0 pair of boots (worn)
Jewellery
 m - a +3 ring of protection
 n - a +3 ring of intelligence
Scrolls
 i - 5 scrolls of amnesia
Potions
 b - a potion of ambrosia
 c - 10 potions of curing
 d - 6 potions of heal wounds
 e - a potion of haste
 f - 4 potions of magic
 o - a potion of might
 p - a potion of resistance


   Skills:
 + Level 8.2 Fighting
 + Level 6.0 Armour
 + Level 8.6 Dodging
 + Level 9.4 Stealth
 + Level 15.5 Unarmed Combat


You had 8 spell levels left.
You didn't know any spells.
Your spell library was empty.

Dungeon Overview and Level Annotations

Branches:
Dungeon (1/1)

Altars:
Ashenzari
Cheibriados
Dithmenos
Fedhas
Gozag
Hepliaklqana
Kikubaaqudgha
Makhleb
Nemelex Xobeh
Okawaru
Qazlal
Ru
Sif Muna
Trog
Uskayaw
Vehumet
Wu Jian
Xom
Yredelemnul
Jiyva
Lugonu

Annotations:
D Sonja


Innate Abilities, Weirdness & Mutations

You are immune to poison.
You have sharp fingernails.
Your flesh is cold resistant. (rC+)
You are immune to negative energy. (rN+++)
You do not regenerate when monsters are visible.
You are immune to unholy pain and torment.
You thrive by killing the living.


Message History

The wraith hits you.
* * * LOW HITPOINT WARNING * * *
You see here a +0 short sword.
Unknown command.
You feel much better. The wraith hits you. The wraith drains your vigour!
You feel yourself slow down.
You barely miss the wraith.
The wraith is lightly damaged.
The wraith hits you but does no damage.
You mangle the wraith!!
The wraith is severely damaged.
The wraith barely misses you.
You scratch the wraith.
The wraith is severely damaged.
The wraith hits you but does no damage.
You scratch the wraith. Your claw misses the wraith.
The wraith is severely damaged.
The wraith completely misses you.
You claw the wraith!
You destroy the wraith!
Sonja hits you with a +0 dagger of distortion!
Space warps around you. Sonja misses you. Sonja hits you but does no damage.
Space warps around you.
* * * LOW HITPOINT WARNING * * *
Your Armour skill increases to level 6!
You barely miss Sonja.
Sonja hits you with a +0 dagger of distortion.
* * * LOW HITPOINT WARNING * * *
Space warps horribly around you!
* * * LOW HITPOINT WARNING * * *
Xom is interested.
Sonja hits you but does no damage. Sonja closely misses you.
You feel much better. Sonja hits you but does no damage.
Space warps horribly around you!!
* * * LOW HITPOINT WARNING * * *
Sonja hits you with a +0 dagger of distortion.
* * * LOW HITPOINT WARNING * * *
Space warps horribly around you!
You die...
Xom snickers!

#.?(!')))'.##.b..b.#..
##########.##b.bb.....
#...........+...bbb..b
#'#####+#####.bb.bb#.b
#.#...#.#..##.........
#.#...#.#))#####'#####
#.#..)+.#))##.......##
#.##K####))##.......##
#.#..@..#.[##.......##
#.#.....#'###...<...##
#)#.....)..##.......#
#.#........##.......##
#)###########.......##
#.......#..###########
#.......#.############
#...#...#)#....#....##
#..###..#)#....#.!.[#


You could see Sonja.

Vanquished Creatures
  An orc sorcerer (D)
  A gargoyle (D)
  3 kobold demonologists (D)
  A guardian mummy (D)
  A wraith (D)
  A kobold brigand (D)
  A quasit (D)
  A gnoll bouda (D)
  A mummy (D)
  5 gnolls (D)
  3 river rats (D)
  An ufetubus (D)
  5 orcs (D)
  3 bats (D)
  An endoplasm (D)
  2 giant cockroaches (D)
  A hobgoblin (D)
  A quokka (D)
  A ball python (D)
  4 kobolds (D)
38 creatures vanquished.

Notes
Turn   | Place    | Note
-------+----------+-------------------------------------------
     0 | D        | rocky1 the Ghoul Monk began the quest for the Orb.
     0 | D        | Reached XP level 1. HP: 19/19 MP: 0/0
    18 | D        | Reached skill level 4 in Unarmed Combat
    18 | D        | Reached XP level 2. HP: 27/27 MP: 1/1
    44 | D        | Found a bloodstained altar of Trog.
    44 | D        | Found a shimmering blue altar of Sif Muna.
    44 | D        | Found a viscous altar of Jiyva.
    44 | D        | Found a hazy altar of Hepliaklqana.
    44 | D        | Found an opulent altar of Gozag.
    45 | D        | Found a basalt altar of Yredelemnul.
    45 | D        | Found a shimmering altar of Xom.
    45 | D        | Found an ornate altar of the Wu Jian Council.
    45 | D        | Found a sacrificial altar of Ru.
    45 | D        | Found a stormy altar of Qazlal.
    45 | D        | Found an iron altar of Okawaru.
    45 | D        | Found a sparkling altar of Nemelex Xobeh.
    45 | D        | Found a burning altar of Makhleb.
    45 | D        | Found a blossoming altar of Fedhas.
    45 | D        | Found a shadowy altar of Dithmenos.
    45 | D        | Found a snail-covered altar of Cheibriados.
    48 | D        | Found a corrupted altar of Lugonu.
    48 | D        | Found a radiant altar of Vehumet.
    49 | D        | Found an ancient bone altar of Kikubaaqudgha.
    49 | D        | Found a hide-covered altar of Uskayaw.
    49 | D        | Found a broken altar of Ashenzari.
    55 | D        | Became a worshipper of Xom of Chaos
   224 | D        | Reached XP level 3. HP: 29/34 MP: 2/2
   231 | D        | Reached skill level 5 in Unarmed Combat
   246 | D        | Reached skill level 5 in Fighting
   246 | D        | Reached skill level 6 in Unarmed Combat
   246 | D        | Reached XP level 4. HP: 21/42 MP: 3/3
   253 | D        | XOM: silly message
   255 | D        | Reached skill level 7 in Unarmed Combat
   265 | D        | Reached skill level 5 in Dodging
   265 | D        | Reached XP level 5. HP: 14/49 MP: 4/4
   270 | D        | XOM: divination: magic mapping
   550 | D        | XOM: silly message
   570 | D        | Reached skill level 8 in Unarmed Combat
   584 | D        | Reached skill level 5 in Stealth
   629 | D        | Noticed a gargoyle
   629 | D        | Noticed a kobold demonologist
   629 | D        | Noticed a kobold demonologist
   629 | D        | Noticed a kobold brigand
   629 | D        | Noticed a kobold demonologist
   638 | D        | Killed a kobold demonologist
   639 | D        | Reached skill level 11 in Unarmed Combat
   639 | D        | Reached XP level 6. HP: 55/58 MP: 5/5
   639 | D        | Reached XP level 7. HP: 61/64 MP: 6/6
   653 | D        | Noticed a sun demon
   655 | D        | Noticed a neqoxec
   658 | D        | Noticed a soul eater
   658 | D        | Killed a kobold demonologist
   659 | D        | Reached skill level 12 in Unarmed Combat
   663 | D        | Killed a kobold demonologist
   664 | D        | Reached skill level 13 in Unarmed Combat
   664 | D        | Reached XP level 8. HP: 49/73 MP: 7/7
   683 | D        | XOM: noise
   687 | D        | Killed a gargoyle
   688 | D        | Reached skill level 14 in Unarmed Combat
   936 | D        | Noticed an orc sorcerer
   936 | D        | Noticed a guardian mummy
   945 | D        | Killed an orc sorcerer
   946 | D        | Reached skill level 5 in Armour
   946 | D        | Reached XP level 9. HP: 40/81 MP: 8/8
   947 | D        | XOM: potion effect (heal wounds)
   950 | D        | Killed a guardian mummy
   951 | D        | Reached skill level 15 in Unarmed Combat
  1011 | D        | XOM: silly message
  1056 | D        | Noticed Sonja
  1056 | D        | XOM: potion effect (haste)
  1063 | D        | XOM: potion effect (curing)
  1075 | D        | XOM: silly message
  1079 | D        | XOM: enchant monster (good)
  1120 | D        | HP: 1/81 [Sonja/+0 dagger of distortion (4)]
  1120 | D        | Mangled by Sonja

Illustrated notes

Levels and vault maps discovered:
D:        pitsprint [storerooms_1, entrance_room_1, metal_vault_2, armoury_1,
          mini_pit_1, grid_room_1, main_hall_1, silver_pit, the_coven_3,
          the_vestibule_1, steel_vault_1, golden_pit, hallway_of_sentries,
          crystal_vault_2, iron_vault_2, final_vault]

Skill      XL: |  1  2  3  4  5  6  7  8  9 |
---------------+----------------------------+-----
Fighting       | 4 5 6 7 8 |  8.2
Dodging        | 3 4 5 6 7 8 |  8.6
Unarmed Combat | 4 6 7 11 13 14 15 | 15.5
Stealth        | 3 4 7 8 9 |  9.4
Armour         | 2 3 5 6 |  6.0

Action                   |  1- 3 |  4- 6 |  7- 9 || total
-------------------------+-------+-------+-------++-------
Melee: Unarmed           |    58 |    54 |    67 ||   179
       Punch             |     3 |     3 |     5 ||    11
  Use: Potion            |     1 |       |     3 ||     4
       Scroll            |       |       |     2 ||     2
 Stab: Sleeping          |     3 |     1 |       ||     4
       Invisible         |       |     5 |       ||     5
Armor: Robe              |     5 |       |       ||     5
       Ring mail         |    15 |     4 |     8 ||    27
       Chain mail        |       |       |    26 ||    26
Dodge: Dodged            |    47 |    25 |    33 ||   105

Table legend: (Time is in decaauts)
 A = Elapsed time spent in this place.
 B = Non-inter-level travel time spent in this place.
 C = Inter-level travel time spent in this place.
 D = Time resting spent in this place.
 E = Time spent auto-exploring this place.
 F = Levels seen in this place.
 G = Mean time per level.
                   A        B        C        D        E       F      G
               +--------+--------+--------+--------+--------+-----+--------+
         Total |   1091 |   1032 |     59 |    574 |      0 |   1 | 1091.0 |
       Dungeon |   1091 |   1032 |     59 |    574 |      0 |   1 | 1091.0 |
               +--------+--------+--------+--------+--------+-----+--------+

Top non-repeatable levels by time:
       D: 1091 daAuts
